 Dungeon Crawl Stone Soup version 0.22-a0-136-g83a10e5 (webtiles) character file.

1426 varam the Grappler (level 8, -4/78 HPs)
             Began as a Troll Monk on Feb 3, 2018.
             Slain by a sky beast (7 damage)
             ... on level 6 of the Dungeon.
             The game lasted 00:05:45 (3774 turns).

varam the Grappler (Troll Monk)                     Turns: 3774, Time: 00:05:46

Health: -4/78      AC:  7    Str: 20    XL:     8   Next: 44%
Magic:  7/7        EV: 12    Int: 10    God:
Gold:   276        SH:  0    Dex: 14    Spells: 7/7 levels left

rFire    . . .     SeeInvis .     - Unarmed
rCold    . . .     Gourm    +   (no shield)
rNeg     . . .     Faith    .   a - +0 robe
rPois    .         Spirit   .   d - +2 hat
rElec    .         Reflect  .   (no cloak)
rCorr    .         Harm     +   (gloves unavailable)
MR       .....                  (boots unavailable)
Stlth    +.........             p - amulet of harm
HPRegen  0.63/turn              w - +4 ring of intelligence
MPRegen  0.10/turn              (no ring)

@: confused
A: large, unfitting armour, claws 3, fast metabolism 3, gourmand, regeneration
1, shaggy fur 1, tough skin 2
a: no special abilities


You were on level 6 of the Dungeon.
You were full.

You visited 1 branch of the dungeon, and saw 7 of its levels.

You collected 276 gold pieces.

Inventory:

Missiles
 h - 6 tomahawks (quivered)
 n - 2 large rocks
Armour
 a - a +0 robe (worn)
 d - a +2 hat (worn)
Jewellery
 p - an amulet of harm (around neck)
 w - a +4 ring of intelligence (left claw)
 z - an uncursed ring of ice {unknown}
Wands
 m - a wand of random effects (15)
 y - a wand of flame (19)
Scrolls
 e - 12 scrolls of identify {unknown}
 g - 2 scrolls of remove curse {unknown}
 i - 2 scrolls of enchant armour {unknown}
 l - a scroll of teleportation {unknown}
 o - 2 scrolls of enchant weapon {unknown}
 r - a scroll of amnesia {unknown}
 t - a scroll of fog {unknown}
 u - a scroll of blinking {unknown}
 A - a scroll of fear {unknown}
 B - a scroll of magic mapping {unknown}
Potions
 c - a potion of ambrosia
 f - a potion of invisibility {unknown}
 j - a potion of mutation {unknown}
 k - a potion of curing {unknown}
 q - a potion of brilliance {unknown}
 s - a potion of flight {unknown}
 v - a potion of degeneration {unknown}
Books
 x - a book of Cantrips

   Spells                             Type                      Level
   a - Confusing Touch                Hexes                        1
   b - Animate Skeleton               Necromancy                   1
   c - Summon Small Mammal            Summoning                    1
   d - Apportation                    Translocation                1
Comestibles
 b - 12 rations


   Skills:
 + Level 3.8 Fighting
 + Level 2.9 Throwing
 * Level 4.8 Dodging
 - Level 1.1 Stealth
 - Level 8.2 Unarmed Combat


You had 7 spell levels left.
You didn't know any spells.

Dungeon Overview and Level Annotations

Branches:
Dungeon (7/15)
 Temple: D:4-7

Altars:
Qazlal
Uskayaw
Xom


Innate Abilities, Weirdness & Mutations

You are too large for most types of armour.
You have claws for hands.
Your metabolism is lightning-fast.
You like to eat raw meat.
Your natural rate of healing is unusually fast.
You are covered in fur. (AC +1)
You have very tough skin. (AC +2)


Message History

You kill the orc wizard!
Something hits you but does no damage.
You claw the orc priest!
The orc priest is almost dead.
Something hits you but does no damage.
You mangle the orc priest!!
You kill the orc priest!
Something hits you. Something shocks you.
* * * LOW HITPOINT WARNING * * *
You barely miss something.
The orc priest calls down the wrath of Beogh upon you.
Beogh smites you!
* * * LOW HITPOINT WARNING * * *
Something hits you but does no damage.
It was a potion of ambrosia.
You are confused.
You feel invigorated. Something hits you.
* * * LOW HITPOINT WARNING * * *
Something shocks you.
You die...

+.>....Y..
##.##.###..#.... #.#
...... #(# ###.#..
########.##........###
((.(................(
#######.########...#
...<..#.# #){.#
###.#.#.# #@#
......#.# #)#
..#...#.########.#
..###.#..........#
......####..######
..##### ##.# ..# #####
#.# ..###โ‰ˆยง.###.#
..##โ‰ˆโ‰ˆ...#..#


There were no monsters in sight!

Vanquished Creatures
  A steam dragon (D:6)
  Eustachio (D:5)
  A water moccasin (D:5)
  An orc warrior (D:6)
  An ice beast (D:6)
  3 centaurs
  A scorpion (D:5)
  A crimson imp (D:5)
  A bullfrog skeleton (D:6)
  5 orc priests
  A hound (D:5)
  An iguana (D:6)
  Terence (D:2)
  3 orc wizards
  2 worker ants
  4 adders
  An ooze (D:3)
  An adder skeleton (D:5)
  A worm (D:3)
  A dart slug (D:1)
  3 leopard geckos
  17 orcs
  7 bats
  7 giant cockroaches
  11 goblins
  A hobgoblin (D:2)
  2 jackals (D:2)
  3 quokkas
  3 ball pythons
  4 frilled lizards
  12 kobolds
  A quokka zombie (D:5)
  10 rats
113 creatures vanquished.

Notes
Turn   | Place    | Note
-------+----------+-------------------------------------------
     0 | D:1      | varam the Troll Monk began the quest for the Orb.
     0 | D:1      | Reached XP level 1. HP: 22/22 MP: 0/0
   332 | D:1      | Reached XP level 2. HP: 29/29 MP: 1/1
   653 | D:2      | Noticed Terence
   664 | D:2      | Killed Terence
   664 | D:2      | Reached skill level 4 in Unarmed Combat
   664 | D:2      | Reached XP level 3. HP: 36/36 MP: 2/2
   850 | D:2      | Reached XP level 4. HP: 44/44 MP: 3/3
  1188 | D:3      | Reached skill level 5 in Unarmed Combat
  1363 | D:3      | Reached XP level 5. HP: 50/50 MP: 4/4
  2070 | D:4      | Reached skill level 6 in Unarmed Combat
  2168 | D:4      | Found a shimmering altar of Xom.
  2169 | D:4      | Found a shimmering altar of Xom.
  2169 | D:4      | Found a shimmering altar of Xom.
  2353 | D:4      | Reached XP level 6. HP: 57/59 MP: 5/5
  2685 | D:5      | Entered Level 5 of the Dungeon
  2685 | D:5      | Found a hide-covered altar of Uskayaw.
  2914 | D:6      | Reached skill level 7 in Unarmed Combat
  2934 | D:6      | Noticed a sky beast
  2954 | D:6      | Found a stormy altar of Qazlal.
  3024 | D:5      | Noticed a water moccasin
  3033 | D:5      | Reached XP level 7. HP: 51/66 MP: 6/6
  3037 | D:5      | Reached skill level 8 in Unarmed Combat
  3341 | D:5      | Reached skill level 3 in Dodging
  3358 | D:5      | Reached skill level 1 in Throwing
  3388 | D:5      | Noticed Eustachio
  3409 | D:5      | Killed Eustachio
  3409 | D:5      | Reached skill level 3 in Fighting
  3577 | D:6      | Noticed a steam dragon
  3727 | D:6      | Noticed a steam dragon
  3732 | D:6      | Killed a steam dragon
  3732 | D:6      | Reached skill level 2 in Throwing
  3732 | D:6      | Reached skill level 4 in Dodging
  3732 | D:6      | Reached XP level 8. HP: 65/75 MP: 7/7
  3773 | D:6      | HP: 3/78 [orc priest/divine providence (13)]
  3774 | D:6      | Slain by a sky beast

Vault maps used:
D:1:      lemuel_arrival_muddy
D:2:      minmay_tripent, uniq_terence
D:3:      kennysheep_generic_room_11
D:4:      first_ration, xom_redecorated
D:5:      lemuel_crystal_altar, minmay_misc_feat_x, uniq_eustachio
D:6:      cheibrodos_steamvent, grunt_qazlal_clouds, serial_shops, shop,
          uniq_blork_the_orc
D:7:      kennysheep_mini_moat, minmay_temple_entry_mist, serial_shops, shop,
          grunt_ogre_cave, uniq_joseph

Skill      XL: |  1  2  3  4  5  6  7 |
---------------+----------------------+-----
Unarmed Combat | 4 5 6 7 8 |  8.2
Dodging        | 4 |  4.8
Throwing       | 2 |  2.9
Fighting       | 3 |  3.8
Stealth        | |  1.1

Action                   |  1- 3 |  4- 6 |  7- 9 || total
-------------------------+-------+-------+-------++-------
Melee: Unarmed           |    93 |   144 |    65 ||   302
       Punch             |       |     3 |     1 ||     4
Throw: Tomahawk          |     4 |       |       ||     4
  Use: Potion            |       |       |     1 ||     1
 Stab: Sleeping          |     4 |     5 |     2 ||    11
  Eat: Chunk             |    13 |    17 |     6 ||    36
Armor: Robe              |    43 |    42 |    16 ||   101
Dodge: Dodged            |    42 |    63 |    25 ||   130

Table legend:
 A = Spawn XP
 B = Non-spawn XP
 C = Spawn XP percentage of total XP
 D = Spawn monster count
 E = Non-spawn monster count
 F = Spawn count percentage of total count
 G = Total turns spent on level
                    A         B        C        D         E        F      G
               +---------+---------+-------+---------+---------+-------+---------
         Total |       0 |    2038 |   0.0 |       0 |     113 |   0.0 |  3774
               +---------+---------+-------+---------+---------+-------+---------
           D:1 |       0 |      37 |   0.0 |       0 |      23 |   0.0 |   565
           D:2 |       0 |     104 |   0.0 |       0 |      24 |   0.0 |   576
           D:3 |       0 |      83 |   0.0 |       0 |      19 |   0.0 |   880
           D:4 |       0 |     171 |   0.0 |       0 |      18 |   0.0 |   792
           D:5 |       0 |     736 |   0.0 |       0 |      15 |   0.0 |   678
           D:6 |       0 |     907 |   0.0 |       0 |      14 |   0.0 |   274
               +---------+---------+-------+---------+---------+-------+---------
